[Event "*** Titled Tuesday Blitz"]
[Site "Chess.com"]
[Date "2021.02.16"]
[Round "7"]
[White "Gusarov91"]
[Black "Ermito2020"]
[Result "1/2-1/2"]
[WhiteElo "2435"]
[BlackElo "2587"]
[TimeControl "180+1"]
[EndTime "11:19:58 PST"]
[Termination "Game drawn - insufficient material"]

1. d4 Nf6 2. Nf3 g6 3. c4 Bg7 4. g3 O-O 5. Bg2 d6 6. O-O Nbd7 7. b3 e5 8. dxe5 Nxe5 9. Nxe5 dxe5 10. Qxd8 Rxd8 11.
Bb2 Ne8 12. Nc3 c6 13. Rad1 Bf5 14. Na4 Bc2 15. Rc1 Bf5 16. Rfd1 Kf8 17. Nc5 Nd6 18. Ba3 Kg8 19. h3 h5 20. e4 Bc8 21. Na6 bxa6 22. Bxd6 Be6 23. Bc5 Bf8 24. Rxd8 Rxd8 25.
Bxa7 Rd2 26. a4 Rb2 27. Rc3 Bb4 28. Rd3 c5 29. Bb8 f6 30. f4 exf4 31. gxf4 Be1 32. Rf3 Bxc4 33. bxc4 Rxb8 34. e5 Kf7 35. e6+ Ke7 36.
Rd3 Rb1 37. Bd5 Bg3+ 38. Kg2 Bxf4 39. Rf3 Rb2+ 40. Rf2 Rxf2+ 41. Kxf2 f5 42. Kf3 g5 43. h4 Kf6 44. hxg5+ Bxg5 45. Kg3 Ke7 46. Kf3 Kd6 47. Kg3 Ke5 48. a5 h4+ 49. Kh3 Kd4 50. Bb7 Kxc4 51. Bxa6+ Kb4 52. Bd3 Kxa5 53. Bxf5 c4 54. Kg2 Kb4 55.
Kf1 Kb3 56. Ke2 c3 57. Kd1 Kb2 58. Ke2 h3 59. Kf3 c2 60. Bxc2 Kxc2 61. Kg3 Kd3 62. Kxh3 Be7 63. Kg4 Ke4 64. Kh5 Ke5 65. Kg6 Kxe6 1/2-1/2

[Event "*** Titled Tuesday Blitz"]
[Site "Chess.com"]
[Date "2021.02.16"]
[Round "7"]
[White "Sokoloco"]
[Black "kamilianin235"]
[Result "1-0"]
[WhiteElo "2458"]
[BlackElo "2188"]
[TimeControl "180+1"]
[EndTime "11:20:01 PST"]
[Termination "Sokoloco won by checkmate"]

1. b3 Nf6 2. Bb2 g6 3. Bxf6 exf6 4. c4 Bg7 5. Nc3 O-O 6. Nf3 d6 7. d4 Nd7 8. e3 c6 9. Be2 Nb6 10. O-O d5 11. c5 Nd7 12. b4 f5 13. b5 Nf6 14. a4 Ne4 15. Qc2 Qc7 16. a5 Bh6 17. g3 Re8 18. Nxe4 fxe4 19. Ne1 Bh3 20. Ng2 Qd7 21.
Rfb1 Rab8 22. a6 bxa6 23. bxc6 Qxc6 24. Rxa6 Rxb1+ 25. Qxb1 Qc7 26. Qa2 Rb8 27. Rxa7 Qc6 28. Ra6 Qc7 29. Qxd5 Rb1+ 30. Bf1 Bf5 31. Qa2 Qb7 32.
Ra7 Be6 33. Rxb7 Bxa2 34. Rxb1 Bxb1 35. Nf4 Kf8 36. Bc4 Ke7 37. Kf1 Bc2 38. Ke2 Ba4 39.
Kd2 Bc6 40. Kc3 f5 41. Ne2 Kd7 42. Kb4 Bf8 43. Bb5 Kc7 44. Bxc6 Kxc6 45. Kc4 Bg7 46.
d5+ Kd7 47. Nd4 Bf6 48. Nb5 h5 49. c6+ Kc8 50. d6 Be5 51. Kd5 Bf6 52. Ke6 Bg5 53.
c7 Kb7 54. d7 Kc6 55. d8=Q Bxd8 56. cxd8=Q Kxb5 57. Qf6 Kb4 58. Qxg6 Ka3 59. Qxf5 Kb2 60. Qxe4 Kc1 61. Qh4 Kd2 62. Qxh5 Ke1 63. Qg4 Kxf2 64.
h4 Kg1 65. h5 Kh2 66. h6 Kg1 67. h7 Kf2 68. h8=Q Kxe3 69. Qe5+ Kd2 70. Qgd4+ Kc1 71. Qec5+ Kb1 72. Qdb4+ Ka2 73. Qca5# 1-0

[Event "*** Titled Tuesday Blitz"]
[Site "Chess.com"]
[Date "2021.02.16"]
[Round "7"]
[White "temiksmozg"]
[Black "TigrVShlyape"]
[Result "1-0"]
[WhiteElo "2632"]
[BlackElo "2888"]
[TimeControl "180+1"]
[EndTime "11:20:03 PST"]
[Termination "temiksmozg won on time"]

1. d4 Nf6 2. c4 g6 3. Nc3 Bg7 4. e4 d6 5. Nf3 O-O 6. Be2 e5 7. O-O Bg4 8. d5 Bxf3 9. Bxf3 Nbd7 10. g3 Kh8 11. h4 Ng8 12. h5 Bh6 13. Kg2 Kg7 14.
Rh1 f5 15. hxg6 hxg6 16. exf5 gxf5 17. Rh5 Qf6 18. Qc2 Bxc1 19. Rxc1 Ne7 20. Rch1 Rh8 21. Nb5 Rxh5 22. Bxh5 Nf8 23. Nxc7 Rc8 24. Ne8+ Rxe8 25. Bxe8 b6 26. Qe2 Ng8 27. Qh5 Nh6 28. b4 Nh7 29. Ba4 e4 30. Qe8 Ng5 31. Qd7+ Ngf7 32. Qe6 Qd4 33. Be8 Qf6 34. Bxf7 Nxf7 35. Qxf6+ Kxf6 36. Rh7 a5 37. c5 dxc5 38. bxc5 bxc5 39. Kf1 Nd6 40. Ra7 Ke5 41. Rxa5 Kxd5 42. Ke2 Kc4 43. Ra6 Nb5 44. Rf6 Nd4+ 45. Ke3 Kb4 46. Ra6 Kb5 47. Ra8 Nc2+ 48. Kf4 Nd4 49. Ke5 Kc4 50. Rc8 Kb4 51. Kd5 Ne2 52. Rxc5 e3 53. fxe3 Nxg3 54. Rc4+ Ka3 55. Rf4 Kxa2 56. Rf3 Ne2 57.
Rf2 Kb3 58. Rxe2 Kc3 59. Ke5 Kd3 60. Re1 Kd2 61. Rf1 Kxe3 62. Rxf5 Kd3 63. Rf4 Ke3 64. Rf5 Kd3 65. Rf3+ Kc4 66. Re3 Kb4 67. Kd5 1-0

[Event "*** Titled Tuesday Blitz"]
[Site "Chess.com"]
[Date "2021.02.16"]
[Round "7"]
[White "Ze-Pequeno"]
[Black "MariaFominykh"]
[Result "0-1"]
[WhiteElo "2271"]
[BlackElo "2257"]
[TimeControl "180+1"]
[EndTime "11:20:03 PST"]
[Termination "MariaFominykh won on time"]

1. e4 d6 2. d4 Nf6 3. Nc3 e5 4. Nf3 Nbd7 5. Bc4 Be7 6. O-O O-O 7. Re1 c6 8. a4 a5 9. h3 Nb6 10. Bf1 Nfd7 11. b3 exd4 12. Nxd4 Bf6 13. Be3 Re8 14.
g3 Nc5 15. Bg2 Bd7 16. Qf3 Qe7 17. Rad1 Qf8 18. Bf4 Rad8 19. g4 Be5 20. Be3 Ne6 21. Nce2 Nc8 22. c4 Nc5 23. Bf4 g6 24. Qg3 Qg7 25. Rd2 Nb6 26. Red1 Bc8 27. Qe3 Nbd7 28. Bh6 Qf6 29. f4 Bxd4 30. Nxd4 Ne6 31. Nxe6 Qxe6 32. Bg5 f6 33. Bh4 Nc5 34. e5 g5 35. fxg5 Qxe5 36. Qxe5 fxe5 37. g6 Rd7 38. Rxd6 Rxd6 39. Rxd6 Nxb3 40.
gxh7+ Kxh7 41. Be4+ Kg7 42. Rg6+ Kf7 43. Rh6 Rg8 44. Bg3 Nd4 45. Bxe5 Ne6 46. Rf6+ Ke7 47. Bf5 Ng5 48. Bxc8 Rxc8 49. Rh6 Nf3+ 50. Kf2 Nxe5 51.
c5 Nd3+ 52. Ke3 Nxc5 53. Kd4 Nxa4 54. Rh7+ Kd6 55. Rxb7 Rh8 56. Ra7 Rxh3 57. Rxa5 Nb6 58. Ra6 Nd7 59. g5 Rg3 60. Rxc6+ Kxc6 61. g6 Rg5 62. g7 Rxg7 63. Ke4 Rg5 64. Kf4 Re5 0-1

[Event "*** Titled Tuesday Blitz"]
[Site "Chess.com"]
[Date "2021.02.16"]
[Round "7"]
[White "IMRosen"]
[Black "sergiochess83"]
[Result "0-1"]
[WhiteElo "2632"]
[BlackElo "2843"]
[TimeControl "180+1"]
[EndTime "11:20:04 PST"]
[Termination "sergiochess83 won on time"]

1. d4 Nf6 2. Bf4 c5 3. e3 Nd5 4. Bg3 Qb6 5. b3 cxd4 6. exd4 Nf6 7. c3 d5 8. Bd3 Nc6 9. Nd2 Bg4 10. f3 Bh5 11.
Ne2 Bg6 12. Bxg6 hxg6 13. Nf4 e6 14. Nd3 Rc8 15. O-O Be7 16. b4 Nh5 17. Bf2 Qc7 18. g3 O-O 19. a4 Nf6 20. Qe2 Nb8 21. Rac1 Nbd7 22. Rfe1 Rfe8 23. g4 Qc6 24. a5 Qb5 25. Kg2 b6 26. axb6 axb6 27. h4 Ra8 28. Ne5 Qxe2 29. Rxe2 Nxe5 30. dxe5 Nd7 31. Bd4 Ra2 32. Kg3 Rc8 33. Rce1 Rca8 34. Nb3 Rxe2 35. Rxe2 Ra3 36. Rb2 Kf8 37. Nc1 Ke8 38. Nd3 b5 39. Nc5 Nb8 40. h5 gxh5 41. gxh5 Nc6 42. Nb3 f6 43. exf6 gxf6 44.
Bc5 Bd8 45. Nd4 Nxd4 46. cxd4 Bc7+ 47. Kg4 Kf7 48. Rg2 Ra8 49. Kh4 Bf4 50. Rg4 Bg5+ 51. Kh3 Ra3 52. Kg3 Ra1 53. Kg2 Be3 54. f4 Rg1+ 55.
Kf3 Rxg4 56. Kxg4 Bd2 57. Bd6 Bc3 58. Bc5 Bd2 59. Kf3 Bc3 60. Ke3 Bb2 61. Kd3 Bc1 62. Bd6 f5 63. Ke2 Bb2 64. Bc5 Bc1 65. Kf3 Bd2 66.
Kg3 Kg7 67. Bd6 Kh6 68. Kh4 Be1+ 0-1

[Event "*** Titled Tuesday Blitz"]
[Site "Chess.com"]
[Date "2021.02.16"]
[Round "7"]
[White "korkmaz16"]
[Black "Kale36"]
[Result "0-1"]
[WhiteElo "2378"]
[BlackElo "2237"]
[TimeControl "180+1"]
[EndTime "11:20:10 PST"]
[Termination "Kale36 won on time"]

1. e4 Nc6 2. Nf3 d6 3. d4 g6 4. Bb5 a6 5. Bxc6+ bxc6 6. O-O Bg7 7. Re1 Bg4 8. c3 Nf6 9. h3 Bxf3 10. Qxf3 O-O 11. e5 Nd5 12. Nd2 Qd7 13. Ne4 Qf5 14.
Qg3 dxe5 15. dxe5 Bxe5 16. Qh4 Bg7 17. Bh6 Nf6 18. Bxg7 Kxg7 19. Ng3 Qc5 20. Re2 Rad8 21. Rae1 Rd7 22. Re5 Qd6 23. Qg5 e6 24. R5e4 Qd2 25. R4e3 Rd3 26. Qxf6+ Kxf6 27. Ne4+ Ke7 28. Nxd2 Rxd2 29.
R3e2 Rfd8 30. f3 c5 31. Kf2 R8d3 32. Rc1 c4 33. Rc2 Rd1 34. b4 Kd6 35. f4 c5 36.
bxc5+ Kxc5 37. Re3 Rxe3 38. Kxe3 Rd3+ 39. Kf2 f6 40. g3 e5 41. fxe5 fxe5 42. Kg2 e4 43. Kf2 Kd5 44. Kg2 a5 45. a4 Ke5 46. Rb2 Rxc3 47.
Rb5+ Kd4 48. Rxa5 Rc2+ 49. Kf1 e3 50. Ra7 Rc1+ 51. Ke2 Rc2+ 52. Ke1 Kc3 53. a5 Ra2 54. a6 g5 55. h4 gxh4 56. gxh4 h5 57. Ra8 Kc2 58.
a7 c3 59. Ke2 Kb1+ 60. Kxe3 c2 61. Rb8+ Ka1 62. Rc8 Kb2 63. Rb8+ Kc3 64. a8=Q Rxa8 65. Rxa8 c1=Q+ 66. Ke4 Qe1+ 67. Kf5 Qxh4 68. Ra3+ Kb4 69.
Rf3 Qg4+ 0-1

[Event "*** Titled Tuesday Blitz"]
[Site "Chess.com"]
[Date "2021.02.16"]
[Round "7"]
[White "mary-sanna"]
[Black "Nemsko"]
[Result "1/2-1/2"]
[WhiteElo "2054"]
[BlackElo "2328"]
[TimeControl "180+1"]
[EndTime "11:20:10 PST"]
[Termination "Game drawn by stalemate"]

1. d4 Nf6 2. Bf4 d5 3. e3 e6 4. Nf3 Bd6 5. Bxd6 Qxd6 6. c4 c6 7. Nc3 O-O 8. Bd3 Nbd7 9. O-O e5 10. Nxe5 Nxe5 11. dxe5 Qxe5 12. cxd5 Nxd5 13. Nxd5 Qxd5 14. Qc2 h6 15. Rfd1 Qg5 16. f4 Qe7 17. e4 Bg4 18. Re1 Rad8 19. h3 Bc8 20. Rad1 Rd4 21. Bc4 Rfd8 22.
e5 Rxd1 23. Rxd1 Rxd1+ 24. Qxd1 Qc5+ 25. Kh1 Qxc4 26. Qd8+ Kh7 27. Qxc8 Qf1+ 28. Kh2 Qxf4+ 29. Kh1 Qxe5 30. Qxb7 f5 31. Qxc6 Qxb2 32. Qd5 Qb1+ 33. Kh2 Qc2 34. Qf7 a5 35. h4 Qe4 36. h5 Qh4+ 37. Kg1 Qg5 38. Kh2 f4 39. Kh1 Qh4+ 40. Kg1 Qg4 41. Kh2 Qg3+ 42. Kh1 Qg5 43. Kh2 a4 44. Kh1 a3 45. Kh2 Qh4+ 46. Kg1 Qe1+ 47. Kh2 Qg3+ 48. Kh1 Qh4+ 49. Kg1 Qg5 50. Kh2 Qe5 51.
Qg6+ Kg8 52. Kh1 Qe1+ 53. Kh2 Qh4+ 54. Kg1 Qe1+ 55. Kh2 Qe5 56. Kg1 Qc5+ 57. Kh2 Qe3 58.
Kh1 Qg3 59. Kg1 Qxg6 60. hxg6 Kf8 61. Kf2 Ke7 62. Kf3 Kf6 63. Kxf4 Kxg6 64. Kg4 Kf6 65. Kf4 g5+ 66. Kg4 Kg6 67. Kf3 h5 68. Kg3 Kf5 69. Kf3 g4+ 70. Kg3 Kg5 71. Kh2 h4 72. Kg1 g3 73. Kf1 Kf4 74. Ke2 Kg4 75. Kf1 h3 76.
Kg1 h2+ 77. Kh1 Kf4 1/2-1/2

[Event "*** Titled Tuesday Blitz"]
[Site "Chess.com"]
[Date "2021.02.16"]
[Round "7"]
[White "Politov_Pavel"]
[Black "csati17"]
[Result "0-1"]
[WhiteElo "2406"]
[BlackElo "2585"]
[TimeControl "180+1"]
[EndTime "11:20:11 PST"]
[Termination "csati17 won on time"]

1. e4 e6 2. d4 d5 3. e5 c5 4. c3 Nc6 5. Nf3 Qb6 6. a3 Nh6 7. b4 cxd4 8. cxd4 Nf5 9. Bb2 Bd7 10. g4 Nh6 11. Rg1 f6 12. Nc3 fxe5 13. Na4 Qd8 14. dxe5 Nf7 15. h4 Rc8 16. g5 g6 17. Rc1 Bg7 18.
Nc5 Ncxe5 19. Nd4 Rxc5 20. Rxc5 Nd6 21. Bh3 Ndc4 22. Ba1 b6 23. Rxc4 dxc4 24. Rg3 Qe7 25. Qe2 O-O 26. Kd1 Qd6 27. Kc2 Ba4+ 28. Kb1 Rf4 29.
Bxe6+ Kh8 30. Qd2 Nd3 31. Ne2 Bxa1 32. Nxf4 Qxf4 33. Qxf4 Nxf4 34. Kxa1 Nxe6 35. Re3 Nd4 36. Kb2 Kg7 37. Re7+ Kf8 38. Rxa7 Bc6 39. Rc7 Bd5 40.
a4 Ne2 41. a5 c3+ 42. Kc2 bxa5 43. bxa5 Be4+ 44. Kb3 Bd5+ 45. Kb4 Be4 46. a6 c2 47.
a7 c1=Q 48. Rxc1 Nxc1 49. Kc5 Nd3+ 50. Kd4 Nxf2 51. Ke3 Ba8 52. Kxf2 Ke7 53. Ke3 Kd6 54. Kd4 Bh1 55. Ke3 Kc7 56. Kd4 Kb7 57. Ke5 Kxa7 58. Kf6 Be4 59. Kg7 Bf3 60. Kxh7 Bh5 61. Kg7 Kb6 62.
Kf6 Kc5 63. Ke5 Kc4 64. Ke4 Kc3 65. Ke3 Kc2 66. Ke4 Kd1 67. Kf4 Ke1 68. Kg3 Kf1 69.
Kf4 Kf2 70. Ke5 Kg3 71. Kf6 Kxh4 0-1

[Event "*** Titled Tuesday Blitz"]
[Site "Chess.com"]
[Date "2021.02.16"]
[Round "7"]
[White "korbul"]
[Black "Oglob71"]
[Result "0-1"]
[WhiteElo "2577"]
[BlackElo "2428"]
[TimeControl "180+1"]
[EndTime "11:20:12 PST"]
[Termination "Oglob71 won on time"]

1. d4 Nf6 2. c4 e6 3. Nf3 b6 4.
g3 Bb4+ 5. Nbd2 Bb7 6. Bg2 O-O 7. O-O Bxd2 8. Bxd2 Ne4 9. Rc1 Nxd2 10. Qxd2 d6 11. b4 Nd7 12. d5 e5 13. e4 a5 14. a3 axb4 15. axb4 Qe7 16. Ne1 f5 17. exf5 Rxf5 18. Nd3 Kh8 19. Rce1 Qg5 20. f4 exf4 21. Nxf4 Ne5 22.
Qd4 Raf8 23. c5 bxc5 24. bxc5 Ba6 25. Rf2 Qh6 26. Ra2 Bc8 27. Ra7 R5f7 28. cxd6 cxd6 29.
Rxf7 Rxf7 30. Rc1 Bd7 31. Qa7 g5 32. Qb8+ Kg7 33. Ne6+ Bxe6 34. dxe6 Qxe6 35. Qb2 Qf6 36. Kh1 g4 37. Qd4 h5 38. Rd1 Nf3 39. Qxd6 Qxd6 40. Rxd6 Ng5 41. Rd1 Rf2 42. Kg1 Rb2 43. Rf1 Kg6 44.
Kh1 Rb3 45. Kg1 Rc3 46. Kh1 Nf3 47. Bxf3 gxf3 48. h3 Kf5 49. Kg1 Ke4 50. Re1+ Kf5 51. Kf2 h4 52. Re3 hxg3+ 53. Kxf3 g2 54. Rxc3 g1=Q 55.
Re3 Qh2 56. Re2 Qxh3+ 57. Kf2 Kf4 58. Ke1 Qc3+ 59. Kf1 Qd3 60. Kf2 Qg3+ 61. Kf1 Qh3+ 62. Kf2 Qh1 63. Rd2 Qh2+ 64. Ke1 Qg1+ 65. Ke2 Ke4 66. Rc2 Qg2+ 67. Kd1 Qf1+ 68. Kd2 Kd4 69. Rc7 Qf2+ 70. Kd1 Qf1+ 71. Kc2 Qd3+ 72. Kc1 Qa3+ 73. Kd1 Qa4+ 74. Kc1 Kd3 0-1

[Event "*** Titled Tuesday Blitz"]
[Site "Chess.com"]
[Date "2021.02.16"]
[Round "7"]
[White "MrTattaglia"]
[Black "Pelopidass"]
[Result "1/2-1/2"]
[WhiteElo "2752"]
[BlackElo "2596"]
[TimeControl "180+1"]
[EndTime "11:20:15 PST"]
[Termination "Game drawn by repetition"]

1. f4 d5 2. Nf3 g6 3. g3 Bg7 4.
Bg2 c5 5. O-O Nc6 6. d3 Bg4 7.
Nbd2 Qd7 8. c3 Nh6 9. e4 dxe4 10. dxe4 Rd8 11. Qe1 Bh3 12. e5 Bxg2 13. Kxg2 O-O 14. Ne4 b6 15. Qe2 Qd3 16. Re1 Qxe2+ 17. Rxe2 f6 18. e6 Nf5 19. g4 Nd6 20. Nxd6 Rxd6 21. f5 Rd1 22. b3 Rfd8 23. Bb2 Rxa1 24. Bxa1 Bh6 25. c4 Bf4 26. Re4 g5 27. Bc3 Rd3 28.
Bxf6 exf6 29. e7 Nxe7 30. Rxe7 Rc3 31. Rxa7 Rc2+ 32. Kf1 h5 33. h3 h4 34. Rb7 Rc3 35. Ke2 Rc2+ 36. Kf1 Rc3 37. Ne1 Rxh3 38. Rxb6 Rh1+ 39.
Ke2 h3 40. Nf3 h2 41. Nxh2 Rxh2+ 42. Kf3 Rxa2 43. Rxf6 Rb2 44. Rb6 Kf7 45. Ke4 Rd2 46.
f6 Rd4+ 47. Kf5 Rd7 48. b4 cxb4 49. Rxb4 Rc7 50. Rb5 Be3 51. Re5 Bf4 52. Rd5 Rxc4 53. Rd7+ Ke8 54. Re7+ Kf8 55. Ra7 Rc8 56. Kg6 Be5 57.
Rf7+ Kg8 58. Rg7+ Kf8 59. Rh7 Bxf6 60. Rf7+ Kg8 61. Rxf6 Rc5 62. Rf5 Rxf5 63. Kxf5 Kf7 64. Ke5 Kg7 65. Ke6 Kg6 66. Kd5 Kf6 67. Kd6 Kf7 68.
Ke5 Kg6 69. Ke6 Kg7 70. Ke5 Kg6 71. Ke6 Kg7 72. Kd6 Kf6 73. Kd5 Kf7 74. Ke5 1/2-1/2

[Event "*** Titled Tuesday Blitz"]
[Site "Chess.com"]
[Date "2021.02.16"]
[Round "7"]
[White "Sibelephant"]
[Black "eljanov"]
[Result "1-0"]
[WhiteElo "3021"]
[BlackElo "2844"]
[TimeControl "180+1"]
[EndTime "11:20:17 PST"]
[Termination "Sibelephant won by resignation"]

1. Nf3 d5 2. e3 Nf6 3. c4 e6 4.
Nc3 a6 5. b3 Bd6 6. Bb2 O-O 7.
Be2 b6 8. O-O Bb7 9. Rc1 Nbd7 10.
Qc2 Qe7 11. Qb1 Ne4 12. cxd5 exd5 13. d3 Nef6 14. Rfe1 c5 15. d4 Ne4 16. dxc5 bxc5 17. Rcd1 Ndf6 18. Nxe4 Nxe4 19. g3 Rfe8 20. Bf1 Qe6 21.
Bg2 h6 22. Ba1 Rad8 23. Qb2 Bf8 24. Qc2 Qf5 25. Re2 Qh5 26. Ree1 Qg4 27. Qe2 Qe6 28. Nd2 Nf6 29. Qf3 Be7 30. Qe2 Qb6 31. Qd3 a5 32. Rc1 Bf8 33. Qc2 Re6 34. Bh3 Ree8 35. Bg2 Re6 36.
Rcd1 Qa7 37. Nb1 Ne4 38. Nc3 Nxc3 39. Bxc3 d4 40. Bxb7 Qxb7 41. exd4 Rxe1+ 42. Bxe1 cxd4 43. Bxa5 Ra8 44. Be1 Re8 45. Qd3 Bc5 46. Bd2 h5 47. Rc1 Ba7 48. h4 g6 49. a4 Qd7 50. a5 Qg4 51. Kg2 Qe2 52. Qxe2 Rxe2 53. Rc8+ Kg7 54. Rc7 Bb8 55. Rb7 Bxg3 56. Kxg3 Rxd2 57. b4 d3 58. Kf3 Re2 59. a6 Re6 60. a7 d2 61. Rd7 Re7 62.
a8=Q Rxd7 63. Qa1+ f6 64. Qd1 Kf7 65. Ke3 Ke6 66.
b5 Rd6 67. b6 Rxb6 68. Qxd2 Rb5 69. Qa2+ Kf5 70. Qc2+ Kg4 71. Qc4+ 1-0

[Event "*** Titled Tuesday Blitz"]
[Site "Chess.com"]
[Date "2021.02.16"]
[Round "7"]
[White "Michaelson_11"]
[Black "Azde"]
[Result "1/2-1/2"]
[WhiteElo "2273"]
[BlackElo "2423"]
[TimeControl "180+1"]
[EndTime "11:20:29 PST"]
[Termination "Game drawn by repetition"]

1. e4 c6 2. d4 d5 3. Nd2 dxe4 4. Nxe4 Nd7 5. Ng5 Ngf6 6. Bd3 e6 7. Qe2 Bd6 8. N1f3 h6 9. Ne4 Nxe4 10. Qxe4 Nf6 11. Qe2 Qc7 12. Bd2 b6 13. O-O-O Bb7 14. Ne5 O-O-O 15.
f4 c5 16. dxc5 Bxc5 17. Rhf1 Kb8 18. g4 Ka8 19. h4 Nd5 20. Kb1 Rhe8 21. Be4 f6 22.
Nd3 f5 23. Bxd5 Bxd5 24. Nxc5 bxc5 25. Bc3 g6 26. h5 gxh5 27. gxh5 Be4 28. Qc4 Rxd1+ 29.
Rxd1 Rd8 30. Rd2 Rxd2 31. Bxd2 Qd6 32. Kc1 Kb7 33. Qb5+ Qb6 34. Qd7+ Ka6 35. Be3 Qc6 36. Qxc6+ Bxc6 37. Bxc5 Bf3 38. Bf8 Bxh5 39. Bxh6 Bf3 40. Bg7 Kb5 41. Kd2 a5 42. Ke3 Bd5 43. b3 Kb4 44. c4 Be4 45. Bb2 a4 46. bxa4 Kxc4 47. a5 Kb5 48. Bc3 Bd5 49. a3 Ka6 50. Bb4 Ba2 51. Kd4 Bd5 52. Ke5 Kb5 53. Kd6 Ka6 54. Kc5 Ba2 55. a4 Bb3 56. Kd6 Kb7 57. Bc3 Ka6 58. Ke7 Kb7 59. Kd6 Bd5 60. Kc5 Ka6 61.
Kb4 Bc6 62. Be1 Bd5 63. Kc5 Bb3 64. Kd6 Kb7 65. Bf2 Bc4 66. Bb6 Bd5 67. Kc5 Ka6 68. Kd6 Bb3 69. Ke7 Kb7 70. Kd6 Ba2 71. Ke7 Kc6 72.
Kf6 Bb3 73. Ke5 Kd7 74. a6 Bxa4 75. a7 Bc6 76. Kf6 Ba8 77. Kf7 Bd5 78. Kf6 Kc8 79. Bd4 Kb7 80. Ke7 Ka8 81. Kd6 Bc4 82. Kc6 Bd5+ 83.
Kd6 Bc4 84. Kc5 Bd5 85. Kd6 1/2-1/2

[Event "*** Titled Tuesday Blitz"]
[Site "Chess.com"]
[Date "2021.02.16"]
[Round "7"]
[White "Ranindu2003"]
[Black "ClydeHillKid"]
[Result "1-0"]
[WhiteElo "2582"]
[BlackElo "2378"]
[TimeControl "180+1"]
[EndTime "11:20:30 PST"]
[Termination "Ranindu2003 won by checkmate"]

1. e4 e6 2. d4 d5 3. Nd2 Nf6 4. e5 Nfd7 5. Bd3 c5 6. c3 Nc6 7. Ngf3 Qb6 8. O-O cxd4 9. cxd4 Nxd4 10. Nxd4 Qxd4 11. Nf3 Qb6 12. a3 Be7 13. Qa4 O-O 14. Bg5 Bxg5 15. Bxh7+ Kxh7 16. Nxg5+ Kg8 17. Qh4 Re8 18.
Qh7+ Kf8 19. Qh8+ Ke7 20. Qxg7 Rf8 21. Nh7 Re8 22. Qg5+ f6 23. exf6+ Kd6 24. Qf4+ e5 25. f7 Rf8 26. Qh6+ Ke7 27. Qg5+ Kxf7 28. Nxf8 Kxf8 29.
Rac1 Qd6 30. f4 e4 31. f5 Qf6 32. Qf4 Ne5 33. Rcd1 Nd3 34. Qe3 Bd7 35. g4 Kf7 36. g5 Rg8 37. h4 Bxf5 38. Rxf5 Qxf5 39. Rf1 Qxf1+ 40. Kxf1 Kg6 41. h5+ Kxh5 42. Qh3+ Kxg5 43. Qg3+ Kf5 44. Qxg8 Ke5 45. Qg7+ Kd6 46. Ke2 Kc6 47. b4 a6 48. Ke3 b6 49. Qf6+ Kb5 50. Qe6 Nb2 51. Qxd5+ Ka4 52. Qxe4 Kxa3 53. Qd4 b5 54. Qc3+ Ka2 55. Kd4 Na4 56. Qd2+ Ka3 57. Kd5 Kb3 58. Kc6 Nc3 59. Qd4 Na4 60. Kb7 Nc3 61. Kxa6 Na2 62.
Qe3+ Kxb4 63. Qd2+ Ka3 64. Kxb5 Kb3 65. Qd3+ Kb2 66.
Qf5 Kb3 67. Qh3+ Nc3+ 68. Kc5 Kc2 69. Kd6 Ne2 70. Qh7+ Kd2 71. Ke7 Ke3 72. Kf6 Nf4 73. Qh6 Kf3 74. Ke5 Nd3+ 75. Kd4 Nf4 76. Qh1+ Kg4 77.
Ke3 Ne6 78. Qe4+ Kg5 79. Qxe6 Kh4 80. Qg8 Kh5 81. Kf4 Kh6 82. Kf5 Kh5 83. Qg5# 1-0

[Event "*** Titled Tuesday Blitz"]
[Site "Chess.com"]
[Date "2021.02.16"]
[Round "7"]
[White "AlexSuv"]
[Black "safikiet"]
[Result "1/2-1/2"]
[WhiteElo "2441"]
[BlackElo "2308"]
[TimeControl "180+1"]
[EndTime "11:20:42 PST"]
[Termination "Game drawn by stalemate"]

1. d4 d5 2. c4 dxc4 3. Nf3 a6 4. a4 Nc6 5. e3 Na5 6. Nbd2 b5 7. axb5 axb5 8. b4 cxb3 9. Nxb3 c6 10. Bd2 Nxb3 11.
Rxa8 Nxd2 12. Qxd2 Nf6 13. Ne5 Qc7 14. Qa5 Qxa5+ 15.
Rxa5 e6 16. Ra8 Bb4+ 17. Ke2 O-O 18. Nxc6 Bd6 19. Na7 Ba6 20. Rxf8+ Kxf8 21. f3 b4+ 22. Kf2 Bb7 23. Bb5 Nd5 24. Bc6 Bxc6 25. Nxc6 Nc3 26. Ra1 g6 27. Ra8+ Kg7 28. Ra7 b3 29. Rb7 b2 30.
Rxb2 Nd1+ 31. Ke2 Nxb2 32. g3 Kf8 33. e4 Ke8 34. Na5 Kd7 35. Nb3 Na4 36. Nd2 Kc6 37. Kd3 Nb6 38. f4 Be7 39. Nf3 f6 40. h3 Nd7 41. g4 h6 42. h4 f5 43. gxf5 exf5 44. h5 fxe4+ 45. Kxe4 gxh5 46. Kf5 Kd5 47. Kg6 h4 48.
Kxh6 Ke4 49. Nxh4 Bxh4 50. d5 Kxd5 51. Kh5 Bf6 52. Kg4 Ke6 53. f5+ Ke5 54. Kf3 Kxf5 55.
Ke3 Be5 56. Kf3 Nc5 57. Ke3 Ke6 58. Kf3 Kd5 59. Ke3 Bd4+ 60. Kf3 Ke5 61. Kg4 Ne6 62. Kf3 Kf5 63. Ke2 Ke4 64. Kd2 Nc5 65. Ke2 Kf4 66. Kf1 Kf3 67. Ke1 Ne4 68. Kd1 Ke3 69. Kc2 Bc3 70.
Kb3 Kd3 71. Ka4 Kc4 72. Ka3 Nc5 73. Ka2 Kb4 74. Kb1 Kb3 75. Kc1 Bd4 76. Kd1 Kc3 77.
Ke2 Nd3 78. Kf3 Kd2 79. Kg4 Ke3 80. Kf5 Be5 81. Ke6 Ke4 82. Kd7 Nf4 83. Kc6 Kd4 84. Kd7 Kd5 85. Kd8 Bd6 86. Kd7 Nd3 87. Kc8 Kc6 88. Kd8 Nf4 89. Kc8 Ne6 1/2-1/2

[Event "*** Titled Tuesday Blitz"]
[Site "Chess.com"]
[Date "2021.02.16"]
[Round "7"]
[White "lagedema"]
[Black "XDPS"]
[Result "0-1"]
[WhiteElo "2568"]
[BlackElo "2741"]
[TimeControl "180+1"]
[EndTime "11:20:49 PST"]
[Termination "XDPS won on time"]

1. d4 d5 2. Nf3 Nf6 3. e3 Bf5 4.
c4 c6 5. Nc3 e6 6. Be2 Be7 7.
Nh4 Be4 8. f3 Bg6 9. g3 a6 10.
Qb3 Qc7 11. Bd2 Nbd7 12. Nxg6 hxg6 13. O-O-O dxc4 14. Bxc4 b5 15. Be2 c5 16. Kb1 O-O 17.
g4 Rfc8 18. g5 c4 19. Qc2 Nd5 20. Nxd5 exd5 21. h4 b4 22. h5 Qb6 23. hxg6 fxg6 24. Qa4 Nf8 25. Bc1 c3 26. Bd3 Bxg5 27. Qb3 Qe6 28.
e4 Bxc1 29. Rxc1 a5 30. Qxd5 Qxd5 31. exd5 cxb2 32. Kxb2 Rd8 33. d6 Kf7 34. Rc6 Kf6 35. Re1 Rd7 36. Re4 g5 37. Re5 g6 38. Rcc5 Rxd6 39.
Rxg5 Rxd4 40. Bc2 a4 41. Rgd5 Rxd5 42. Rxd5 Ra6 43. Rd8 Ne6 44. Rg8 Nf4 45. Rb8 b3 46.
axb3 axb3 47. Rxb3 Rd6 48. Be4 Kg5 49. Kc2 Kh4 50.
Rb5 g5 51. Rf5 Rb6 52. Kd2 Rd6+ 53. Ke3 Ng2+ 54. Kf2 Nf4 55. Ke3 Ng2+ 56. Kf2 Rd2+ 57. Kf1 Ne3+ 58. Ke1 Ra2 59. Rf8 Kg3 60. Re8 Ng2+ 61.
Kd1 Nf4 62. Rg8 Ra5 63. Kd2 Kf2 64. Kc3 Re5 65. Kd4 Ra5 66. Kc4 Ne2 67. Kb4 Re5 68.
Kc4 Ng3 69. Kd4 Ra5 70. Bd5 Ra4+ 71. Bc4 Ne2+ 72. Kc5 Ra5+ 73. Bb5 Nc3 74. Rb8 Rxb5+ 75.
Rxb5 Nxb5 76. Kxb5 Kxf3 0-1

[Event "*** Titled Tuesday Blitz"]
[Site "Chess.com"]
[Date "2021.02.16"]
[Round "7"]
[White "BabyBoss31"]
[Black "ErikRonka"]
[Result "0-1"]
[WhiteElo "2333"]
[BlackElo "2491"]
[TimeControl "180+1"]
[EndTime "11:21:10 PST"]
[Termination "ErikRonka won by checkmate"]

1. d4 d5 2. Bf4 c5 3. e4 dxe4 4. d5 Nf6 5. Nc3 g6 6. Qd2 Bg7 7. O-O-O O-O 8. Nge2 e6 9. dxe6 Qxd2+ 10. Rxd2 Bxe6 11.
Ng3 Nc6 12. Ngxe4 Nxe4 13. Nxe4 b6 14. a3 Rad8 15. Bd6 Rfe8 16. Bb5 Bd7 17. f3 Nd4 18. Bxd7 Rxd7 19. Bf4 f5 20. Nc3 b5 21. Kb1 b4 22.
axb4 cxb4 23. Nb5 Rd5 24. Nxd4 Rxd4 25. Rxd4 Bxd4 26. Rd1 Bb6 27. Rd2 Kf7 28. Rd7+ Kf6 29. Rxh7 Re2 30. g4 Rf2 31. g5+ Ke6 32. Rg7 Rxf3 33. Rxg6+ Kf7 34. Rf6+ Kg8 35. Rxf5 Be3 36. Rb5 Rxf4 37. Rb8+ Kg7 38. Re8 Bf2 39. Re7+ Kg6 40. Re5 Rh4 41. Rb5 Rxh2 42. Rxb4 Kxg5 43. Ra4 Bb6 44. c3 Rh6 45. Ka2 Kf5 46. Kb3 Ke5 47.
Ra1 Kd5 48. Rd1+ Kc6 49. Rd2 Rh5 50. Re2 Rb5+ 51. Kc2 Rd5 52. Re6+ Rd6 53. Re4 Kd5 54. Re8 Kc6 55. Ra8 Kb5 56. Rg8 Rc6 57. Rg4 Rc5 58.
Kb3 a5 59. Ra4 Rf5 60. Re4 Rf2 61. Rg4 Ka6 62. Rc4 Rf5 63. Re4 Rb5+ 64. Kc2 Rc5 65. Kb3 Kb5 66. Ra4 Re5 67. Rg4 Bc5 68. Rf4 Re2 69. Rg4 Be3 70. Re4 Re1 71. Kc2 Bf2 72. Rf4 Bc5 73. Kb3 Re2 74. Rf5 Rh2 75. Rg5 Rh6 76. Rf5 Rb6 77. Rf4 Kc6+ 78. Kc2 Kb5 79.
Kb3 Rd6 80. Rc4 Rd2 81. Re4 Rf2 82. Rg4 Rh2 83. Re4 Rh1 84. Rg4 Ra1 85. Re4 a4+ 86. Kc2 Rg1 87. Re2 Rg3 88. Rd2 Rg1 89. Re2 Rg6 90. Rh2 Rd6 91. Rh4 Rd5 92. Rh2 Rf5 93.
Rh8 Rf2+ 94. Kb1 Kc4 95. Rh4+ Kb3 96. Rh1 Rxb2+ 97. Kc1 a3 98. c4 Rc2+ 99. Kb1 a2+ 100. Ka1 Bd4# 0-1